 Dungeon Crawl Stone Soup version 0.30-b1-2-g02819fbbbe (webtiles) character file.

Game seed: 10637630385543322160

14 manyhoops the Stinger (level 2, 0/20 HPs)
             Began as a Demigod Venom Mage on Nov 15, 2023.
             Slain by a gnoll
             ... wielding a +0 spear of venom
              (9 damage)
             ... on level 1 of the Dungeon.
             The game lasted 00:01:12 (609 turns).

manyhoops the Stinger (Demigod Venom Mage)           Turns: 609, Time: 00:01:13

Health: 0/20       AC:  2    Str:  9    XL:     2   Next: 15%
Magic:  3/7        EV: 12    Int: 17    God:
Gold:   31         SH:  0    Dex: 14    Spells: 1/4 levels left

rFire   . . .        (no weapon)
rCold   . . .        (no shield)
rNeg    . . .        a - +0 robe
rPois   .            (no helmet)
rElec   .            (no cloak)
rCorr   .            (no gloves)
SInv    .            (no boots)
Will    .....        (no amulet)
Stlth   ++           (no ring)
HPRegen 0.23/turn    (no ring)
MPRegen 0.10/turn

%: no passive effects
@: lethally poisoned (0 -> -11), very slightly contaminated
A: high MP 1, forlorn, divine attributes
a: no special abilities


You were on level 1 of the Dungeon.
You visited 1 branch of the dungeon, and saw 1 of its levels.

You collected 31 gold pieces.

Inventory:

Armour
 a - a +0 robe (worn)
Scrolls
 c - a scroll of magic mapping {unknown}
 f - 2 scrolls of identify {unknown}
 g - a scroll of poison {unknown}
Potions
 b - a potion of magic
 d - a potion of curing {unknown}
 e - a potion of haste {unknown}


   Skills:
 + Level 1.8 Dodging
 + Level 1.7 Stealth
 + Level 1.8 Spellcasting
 - Level 1.0 Transmutations
 + Level 3.2 Poison Magic


You had one spell level left.
You knew the following spells:

 Your Spells              Type           Power      Damage    Failure   Level
a - Sting                 Tmut/Pois      32%        1d4       9%          1
b - Poisonous Vapours     Pois/Air       14%        N/A       16%         2

Your spell library contained the following spells:

 Spells                   Type           Power      Damage    Failure   Level
 Mephitic Cloud           Conj/Pois/Air  5%         N/A       36%         3
 Olgreb's Toxic Radiance  Pois           12%        N/A       45%         4


Dungeon Overview and Level Annotations

Branches:
Dungeon (1/15)


Innate Abilities, Weirdness & Mutations

You have an increased reservoir of magic. (+10% MP)
You shall have no god before yourself.
Your divine heritage dramatically boosts your attributes as you level up.


Message History

Confirm with . or Enter, or press ? or * to list all spells.
Aiming: Sting (safe; 9% risk of failure)
Press: ? - help, Shift-Dir - straight line, f/p - ball python
Aim: a ball python (severely wounded, constricting you, poisoned, 64% to hit)
The sting hits the ball python.
The ball python looks even sicker.
You kill the ball python!
Casting: Sting (safe; 9% risk of failure)
Confirm with . or Enter, or press ? or * to list all spells.
You can't see any susceptible monsters within range! (Use Z to cast anyway.) Unknown command.
Unknown command.
Casting: Sting (safe; 9% risk of failure)
Confirm with . or Enter, or press ? or * to list all spells.
You can't see any susceptible monsters within range! (Use Z to cast anyway.)
Found 4 boomerangs.
Found a dagger.
A gnoll comes into view. It is wielding a +0 spear of venom.
A gnoll is nearby!
A gnoll is nearby!
A gnoll is nearby!
Casting: Sting (safe; 9% risk of failure)
Confirm with . or Enter, or press ? or * to list all spells.
Aiming: Poisonous Vapours (safe; 16% risk of failure)
Press: ? - help, Dir - move target, f - gnoll
Aim: a gnoll, wielding a +0 spear of venom Poisonous vapours surround the gnoll!
The gnoll is poisoned.
The gnoll hits you from afar with a +0 spear of venom!
You are lethally poisoned!
Unknown command.
Casting: Poisonous Vapours (safe; 16% risk of failure)
Confirm with . or Enter, or press ? or * to list all spells.
Aiming: Poisonous Vapours (safe; 16% risk of failure)
Press: ? - help, Dir - move target, f/p - gnoll
Aim: a gnoll, wielding a +0 spear of venom (poisoned)
You miscast Poisonous Vapours.
You are very lightly contaminated with residual magic.
Nothing appears to happen.
You feel very sick.
The gnoll hits you from afar with a +0 spear of venom!
You die...

#. #.##.... #.# #.......
##### #.# #....... #....
#.# #....... #.... #.#
#....... ###.).. #.#
#....... #......###.####
#.......
#........#....###......#
#....g.@.#.#.......#+#+#
...........#.....†......
................).......
...........#.......##...
...........#.......##...
.##........#.......##...
####.(...#......####..
#.....#[.....# #..
#.....#......+ ..#


You could see a gnoll (poisoned).

Vanquished Creatures
  3 ball pythons (D:1)
  2 endoplasms (D:1)
  A goblin (D:1)
  A quokka (D:1)
  2 bats (D:1)
  2 kobolds (D:1)
  2 rats (D:1)
13 creatures vanquished.

Notes
Turn   | Place    | Note
-------+----------+-------------------------------------------
     0 | D:1      | manyhoops the Demigod Venom Mage began the quest for the
                  | Orb.
     0 | D:1      | Reached XP level 1. HP: 14/14 MP: 5/5
   198 | D:1      | Reached skill level 3 in Poison Magic
   423 | D:1      | Reached skill level 1 in Transmutations
   470 | D:1      | Reached XP level 2. HP: 17/20 MP: 1/7
   560 | D:1      | Learned a level 2 spell: Poisonous Vapours
   609 | D:1      | Slain by a gnoll

Illustrated notes

Levels and vault maps discovered:
D:1:      tekkud_arrival_beachfront_property, layout_basic,
          hellmonk_ecumenical_altar_watching_god

Skill      XL: |  1 |
---------------+----+-----
Poison Magic   | 3 |  3.2
Transmutations | 1 |  1.0
Dodging        | |  1.8
Stealth        | |  1.7
Spellcasting   | |  1.8

Action                     || total
---------------------------++-------
  Melee: Unarmed           ||     6
   Cast: Sting             ||    32
         Poisonous Vapours ||     2
 Armour: Robe              ||    12
  Dodge: Dodged            ||    16
